AoeStats
← Nikolao

Arena

510537555Analyzed
1v1 RM · 23h ago on Oct 1, 2026· 51m 28s· 2 players
Game mode
Random Map
Map size
Tiny (2 player)
Population
200
Speed
Normal
Resources
Standard
Victory
Conquest
Starting age
Dark Age
Ending age
Imperial Age
RankedLock teamsTeams togetherTeam positionsShared explorationLock speedFull tech treeHidden civsTurbo modeCheats
Victory
Defeat
🇮🇳 Mongols · India
966
+13
🇦🇷 Bulgarians · Argentina
900
-13
Nikolao
11:59 Feudal Age
16:20 Loom
18:35 Castle Age
17:13 Wheelbarrow
17:08 Bloodlines
17:07 Scale Barding Armor
17:13 Forging
16:56 Fletching
16:53 Double-Bit Axe
21:11 Husbandry
22:59 Iron Casting
24:23 Gold Mining
25:34 Chain Barding Armor
26:59 Stirrups
27:15 Bodkin Arrow
27:23 Horse Collar
29:05 Hand Cart
30:21 Town Watch
36:08 Imperial Age
33:05 Elite Skirmisher
34:56 Stone Mining
36:04 Bow Saw
36:29 Padded Archer Armor
38:37 Blast Furnace
38:12 Plate Barding Armor
39:38 Conscription
39:38 Cavalier
41:42 Chemistry
40:47 Bracer
43:00 Plate Barding Armor
43:09 Gold Shaft Mining
43:14 Leather Archer Armor
43:31 Thumb Ring
44:22 Town Patrol
46:13 Conscription
46:52 Thumb Ring
49:52 Scale Mail Armor
kaalia
9:42 Feudal Age
14:29 Castle Age
12:27 Double-Bit Axe
13:20 Horse Collar
20:29 Fletching
22:49 Wheelbarrow
23:07 Heavy Plow
23:22 Town Watch
26:02 Hand Cart
26:55 Bodkin Arrow
30:35 Imperial Age
27:51 Loom
28:31 Bow Saw
29:45 Ballistics
29:43 Padded Archer Armor
30:42 Leather Archer Armor
31:36 Bracer
32:39 Chemistry
34:36 Elite Mangudai
41:07 Herbal Medicine
41:04 Onager
43:13 Siege Engineers
43:39 Bloodlines
43:32 Husbandry
43:59 Parthian Tactics
43:40 Thumb Ring
44:56 Hoardings
44:42 Conscription
44:31 Scale Barding Armor
44:37 Forging
46:23 Chain Barding Armor
45:27 Light Cavalry
47:34 Drill
48:31 Masonry
Connection lost

Rejoining the realm…

Still unreachable

The connection could not be restored.

Session expired

The server has moved on; the page needs a fresh start.